Map: Eindringling LE

Players

zeldarom - Winner!

  • Race: Zerg Zerg
  • Spawn Location: 5:00

Panda

  • Race: Zerg Zerg
  • League: Diamond
  • Spawn Location: 11:00

VOD

Have the link to the VOD?

Description

Time

  • Played on: Sept. 9, 2017, 5:17 p.m.
  • Length: 9:50
Show
View Real Time Build Order
Export as new Build Order

zeldarom Zerg - Winner!

Build Orders: Pool First 

Get SALT Encoding   

  12  0:01  Drone  
  13  0:09  Drone  
  14  0:14  Extractor  
  13  0:28  Spawning Pool  
  13  0:33  Drone  
  13  0:38  Drone  
  14  0:45  Extractor  
  14  0:47  Drone  
  15  0:56  Overlord  
  15  1:19  Zergling x2  
  15  1:20  Zergling x4  
  15  1:21  Metabolic Boost  
  18  1:31  Zergling x2  
  19  1:33  Queen  
  21  1:41  Zergling x2  
  22  1:53  Overlord  
  22  2:27  Hatchery  
  21  2:34  Drone x3  
  24  2:46  Drone  
  24  2:48  Queen  
  27  2:55  Overlord  
  22  3:05  Drone  
  23  3:08  Drone  
  23  3:09  Roach Warren  
  23  3:17  Overlord  
  23  3:30  Drone x4  
  27  3:42  Overlord  
  27  3:50  Roach x2  
  27  3:54  Roach  
  33  3:58  Roach  
  35  4:08  Roach x3  
  41  4:15  Queen  
  41  4:27  Evolution Chamber  
  41  4:31  Drone x4  
  45  4:41  Evolution Chamber  
  45  4:42  Overlord  
  44  4:46  Drone x3  
  44  4:47  Drone  
  48  4:54  Lair  
  48  4:58  Extractor  
  48  4:59  Drone  
  48  5:07  Roach, Zerg Missile Weapons Level 1  
  50  5:17  Roach  
  52  5:22  Drone x3  
  52  5:23  Overlord  
  52  5:24  Overlord  
  57  5:35  Roach  
  57  5:36  Roach  
  57  5:42  Overlord x2  
  59  5:44  Overlord  
  59  5:49  Overlord  
  59  5:54  Glial Reconstitution  
  59  5:55  Spine Crawler  
  58  5:58  Spine Crawler  
  58  5:59  Drone x2  
  58  6:03  Drone  
  60  6:09  Roach x2  
  64  6:13  Overseer  
  64  6:20  Roach x3  
  69  7:00  Drone x11  
  80  7:06  Spire  
  80  7:07  Hatchery  
  78  7:20  Extractor  
  77  7:27  Extractor  
  76  7:32  Drone  
  76  7:33  Drone x2  
  79  7:40  Overlord x2  
  79  7:59  Overseer  
  79  8:18  Mutalisk x5  
  89  8:22  Drone x5  
  89  8:23  Queen, Drone x3  
  99  8:31  Zergling x2  
  99  8:32  Zergling x6  
  103  8:45  Baneling Nest  
  103  8:55  Drone  
  103  8:56  Drone x9  
  103  9:02  Extractor  
  111  9:07  Extractor  
  98  9:19  Drone x5  
  98  9:20  Drone x2  
  98  9:22  Drone x2  
  98  9:23  Drone  
Show
View Real Time Build Order
Export as new Build Order

Panda Zerg 

Build Orders: Pool First 

Get SALT Encoding   

  12  0:01  Drone  
  13  0:18  Extractor  
  12  0:24  Spawning Pool  
  11  0:28  Drone  
  11  0:33  Drone  
  13  0:38  Drone  
  14  0:47  Overlord  
  14  1:12  Zergling x6  
  14  1:15  Queen  
  19  1:24  Metabolic Boost  
  19  1:29  Zergling x2  
  20  1:34  Zergling x2  
  21  1:44  Zergling x2  
  22  1:48  Baneling Nest  
  21  2:00  Zergling x2  
  22  2:03  Spine Crawler  
  22  2:07  Zergling x2  
  20  2:25  Queen  
  20  2:32  Baneling x2  
  20  2:41  Evolution Chamber  
  19  2:50  Drone x2  
  20  3:19  Baneling x2  
  20  3:20  Baneling  
  20  3:25  Zergling x4  
  20  3:27  Overlord  
  22  3:49  Drone x3  
  22  3:50  Drone x3  
  27  4:23  Hatchery  
  25  4:24  Queen  
  25  4:26  Drone x2  
  29  4:52  Overlord x2  
  29  5:09  Overlord x2  
  29  5:36  Zerg Melee Weapons Level 1  
  29  5:37  Evolution Chamber  
  29  5:40  Drone  
  29  5:52  Drone x5  
  34  5:59  Drone  
  35  6:07  Drone  
  35  6:08  Drone x2  
  38  6:19  Spine Crawler x2  
  38  6:20  Spine Crawler, Drone  
  38  6:21  Spine Crawler x2, Drone  
  38  6:24  Spine Crawler  
  34  6:32  Lair  
  34  6:36  Unknown  
  34  6:48  Drone x6  
  34  6:49  Drone  
  34  6:50  Drone  
  42  7:02  Drone x5  
  42  7:05  Extractor  
  46  7:11  Zerg Ground Armor Level 1  
  46  7:23  Overlord x2  
  46  7:30  Zergling x2  
  46  7:31  Zergling x8  
  51  7:50  Zergling x2  
  51  7:51  Zergling x12  
  58  8:00  Zergling x4  
  60  8:09  Zergling x2  
  61  8:19  Zergling x8  
  66  8:20  Zergling x2  
  66  8:30  Hatchery  
  65  8:36  Zergling x6  
  68  8:50  Zergling x14  
  69  9:04  Zergling x4  
  69  9:14  Baneling x2  
  64  9:17  Spore Crawler  
  64  9:18  Spore Crawler  
  64  9:22  Spore Crawler  
  57  9:25  Spore Crawler  
Tags
 
League
Diamond
Matchup
ZvZ
Race
Zerg
Replay Pack
replays1
Spawn Locations
Cross Positions
Add a new tag
Caveats
  • Supply blocks, unpowered buildings, or Contaminate may cause inaccurate times.
  • Supply counts are checked every 10 seconds.